 Dungeon Crawl Stone Soup version 0.30.1-4-g462c640d31 (webtiles) character file.

Game seed: 6625663385433487534

4137 wingedge the Trooper (level 9, -2/81 HPs)
             Began as a Demigod Wanderer on Aug 22, 2023.
             Slain by Gastronok (28 damage)
             ... on level 8 of the Dungeon on Aug 23, 2023.
             The game lasted 00:41:27 (9443 turns).

wingedge the Trooper (Demigod Wanderer)             Turns: 9443, Time: 00:41:28

Health: -2/81      AC:  8    Str: 17    XL:     9   Next: 79%
Magic:  20/21      EV: 13    Int: 28    God:
Gold:   620        SH:  0    Dex: 13    Spells: 14/20 levels left

rFire   + . .        v - +2 short sword (venom)
rCold   . . .        (no shield)
rNeg    . . .        s - +1 leather armour {rPois}
rPois   +            g - +0 helmet
rElec   .            f - +0 cloak
rCorr   .            r - +0 pair of gloves
SInv    .            (no boots)
Will    +....        (no amulet)
Stlth   +++          M - +6 ring of intelligence
HPRegen 0.33/turn    E - ring "Dionobud" {rF+ Will+ Stlth+}
MPRegen 0.17/turn

%: no passive effects
@: hasted, very quick
A: high MP 1, forlorn, divine attributes
a: no special abilities


You were on level 8 of the Dungeon.
You visited 1 branch of the dungeon, and saw 8 of its levels.
You also visited: Sewer.

You collected 620 gold pieces.

Inventory:

Hand Weapons
 a - the +5 short sword of the Dwarven Hall {chaos, rF+ rC++ Int-3 SInv}
   (You took it off a kobold brigand on level 7 of the Dungeon)

   Int:       It affects your intelligence (-3).
   rF:        It protects you from fire.
   rC:        It greatly protects you from cold.
   SInv:      It lets you see invisible.
 b - a +0 sling of draining
 c - a +0 shortbow
 d - a +3 hand axe
 v - a +2 short sword of venom (weapon)
Missiles
 i - 2 javelins (quivered)
 p - 4 boomerangs of dispersal
 L - 14 poisoned darts
Armour
 f - a +0 cloak (worn)
 g - a +0 helmet (worn)
 r - a +0 pair of gloves (worn)
 s - a +1 leather armour of poison resistance (worn)
 z - a +0 ring mail
 D - +0 steam dragon scales
Magical Staves
 u - a staff of cold
Jewellery
 E - the ring "Dionobud" (right hand) {rF+ Will+ Stlth+}
   (You found it on level 5 of the Dungeon)

   [ring of protection from fire]

   rF:        It protects you from fire.
   Will:      It increases your willpower.
   Stlth:     It makes you more stealthy.
 M - a +6 ring of intelligence (left hand)
Wands
 K - a wand of digging (4)
Scrolls
 h - a scroll of blinking
 k - 4 scrolls of enchant weapon
 l - 2 scrolls of teleportation
 m - 3 scrolls of magic mapping
 w - a scroll of fear
 x - a scroll of vulnerability
 y - 3 scrolls of butterflies
 C - a scroll of immolation {unknown}
 F - a scroll of amnesia {unknown}
 I - 2 scrolls of poison
 J - a scroll of brand weapon {unknown}
Potions
 e - 7 potions of flight
 j - 2 potions of resistance {unknown}
 o - 3 potions of might {unknown}
 q - a potion of attraction {unknown}
 t - a potion of lignification {unknown}
 H - a potion of berserk rage {unknown}


   Skills:
 + Level 7.9 Fighting
 - Level 1.0 Short Blades
 - Level 2.0 Ranged Weapons
 - Level 4.0 Armour
 - Level 4.0 Dodging
 - Level 3.0 Stealth
 - Level 6.0 Spellcasting
 - Level 5.0 Summonings
 + Level 4.5 Ice Magic


You had 14 spell levels left.
You knew the following spells:

 Your Spells              Type           Power      Damage    Failure   Level
a - Slow                  Hex            32%        N/A       7%          1
b - Call Imp              Summ           72%        N/A       1%          2
c - Ozocubu's Armour      Ice            33%        N/A       3%          3

Your spell library contained the following spells:

 Spells                   Type           Power      Damage    Failure   Level
 Swiftness                Air            8%         N/A       22%         3
 Teleport Other           Tloc           8%         N/A       22%         3
 Ozocubu's Refrigeration  Ice            16%        4d11      100%        7


Dungeon Overview and Level Annotations

Branches:
Dungeon (8/15)             Temple (0/1) D:4           Sewer (visited)
   Lair: D:8-11

Annotations:
D:8 Erica, Gastronok


Innate Abilities, Weirdness & Mutations

You have an increased reservoir of magic. (+10% MP)
You shall have no god before yourself.
Your divine heritage dramatically boosts your attributes as you level up.


Message History

Gastronok is heavily wounded.
Your cerulean imp hits Gastronok but does no damage.
Gastronok bites you!!
You hit Gastronok but do no damage.
Gastronok looks as sick as possible!
Gastronok is heavily wounded.
Your cerulean imp hits Gastronok from afar with a -1 spear.
You hit Gastronok.
Gastronok is heavily wounded.
Your cerulean imp hits Gastronok from afar with a -1 spear.
Gastronok bites you!!
* * * LOW HITPOINT WARNING * * *
Your icy armour will break if you move.
Continue?
You swap places.
Your icy armour cracks and falls away as you move.
Your cerulean imp hits Gastronok with a -1 spear.
Okay, then.
You feel yourself speed up.
Your cerulean imp hits Gastronok with a -1 spear.
Gastronok bites your cerulean imp!
Your cerulean imp dies!
Your cerulean imp disappears in a puff of smoke!
You feel better.
Throw: 3 javelins
Press: ? - help, Q - select action, (/) - cycle Shift-Dir - straight line, f/p - Gastronok
Aim: Gastronok, wearing a +2 hat (severely wounded, covering ground quickly, extremely poisoned, lightly drained, 93% to hit)
You throw a javelin. The javelin pierces through Gastronok!
Gastronok is severely wounded.
Gastronok looks at you and mumbles some strange words.
You resist with some effort.
Okay, then.
Okay, then.
Unknown command.
You hit Gastronok but do no damage.
Gastronok looks as sick as possible!
Gastronok is severely wounded.
You hit Gastronok.
Gastronok looks as sick as possible!
Gastronok is severely wounded.
You hit Gastronok. You punch Gastronok, but do no damage.
Gastronok is severely wounded.
Gastronok bites you!!
You die...

..~~~........# .....>..
...~~........# ........
.............# .......w.....#
.#..w........# ##...........#
#..........####
#.............##################
#.........###.#@................
#.........# #.w#...#...#...#...#
########### #...................
#.##...#...#...#...#
#.#.................
#.################## #.# #.# #.#
#.# #.###.#


You could see Gastronok (swift, extremely poisoned, drained).

Vanquished Creatures
  Pikel (D:5)
  2 wyverns
  2 steam dragons
  4 water moccasins
  3 ice beasts
  A sky beast (D:8)
  4 black bears
  A lemure (D:5)
  2 centaurs
  A phantom (D:4)
  2 kobold brigands
  3 bullfrogs
  A scorpion (D:4)
  2 wights (D:7)
  2 howler monkeys
  A hound (D:4)
  A jelly (D:6)
  3 iguanas
  Natasha (thrice) (D:3)
  2 sleepcaps (D:5)
  Terence (D:3)
  Robin (D:3)
  6 adders
  3 river rats (Sewer)
  3 white imps
  2 ufetubi
  A worm (D:5)
  2 dart slugs
  5 orcs
  12 ball pythons
  7 endoplasms
  6 giant cockroaches
  12 goblins
  10 hobgoblins
  15 jackals
  15 kobolds
  2 quokkas
  4 bats
  4 frilled lizards
  6 rats
158 creatures vanquished.

Vanquished Creatures (collateral kills)
  A water moccasin (D:7)
  A black bear (D:8)
  A wolf (D:8)
  A phantom (D:6)
  A scorpion (D:7)
  A wight (D:7)
  2 jellies
  A sleepcap (D:3)
  An iguana (D:5)
  5 adders
  A river rat (Sewer)
  3 worms
  3 ball pythons (Sewer)
  An endoplasm (Sewer)
  3 giant cockroaches (Sewer)
  2 goblins (D:4)
  2 jackals (Sewer)
  5 quokkas
  6 bats (Sewer)
  3 frilled lizards (Sewer)
  3 kobolds
47 creatures vanquished.

Grand Total: 205 creatures vanquished

Notes
Turn   | Place    | Note
-------+----------+-------------------------------------------
     0 | D:1      | wingedge the Demigod Wanderer began the quest for the Orb.
     0 | D:1      | wingedge set off with the following items: a +0 short
                  | sword, a +0 cloak, a scroll of fear, a +0 robe; and the
                  | following spell memorised: Slow; and the following spells
                  | available to memorise: Call Imp, Swiftness, Teleport Other.
     0 | D:1      | Reached XP level 1. HP: 14/14 MP: 7/7
   146 | D:1      | Reached skill level 1 in Fighting
   318 | D:1      | Reached XP level 2. HP: 23/23 MP: 9/9
   518 | D:1      | Reached skill level 2 in Fighting
  1030 | D:2      | Learned a level 2 spell: Call Imp
  1141 | D:2      | Reached XP level 3. HP: 29/29 MP: 10/10
  1158 | D:2      | Reached skill level 1 in Summonings
  1535 | D:2      | Reached skill level 1 in Ranged Weapons
  1653 | D:3      | Reached XP level 4. HP: 28/37 MP: 12/12
  1767 | D:3      | Noticed Robin
  1776 | D:3      | Killed Robin
  1922 | D:3      | Noticed Natasha
  1926 | D:3      | Killed Natasha
  2039 | D:3      | Noticed Natasha
  2055 | D:3      | Killed Natasha
  2056 | D:3      | Reached XP level 5. HP: 18/42 MP: 11/13
  2070 | D:3      | Noticed Natasha
  2215 | D:3      | Noticed Terence
  2240 | D:3      | Killed Terence
  2338 | D:3      | Noticed a +0 short sword
  2338 | D:3      | Noticed a +0 falchion
  2339 | D:3      | Noticed a +0 dagger
  2339 | D:3      | Noticed a +0 dagger
  2339 | D:3      | Noticed a +0 spear
  2341 | D:3      | Noticed a +0 short sword
  2341 | D:3      | Noticed a +0 falchion
  2342 | D:3      | Noticed a +0 spear
  2450 | D:3      | Reached skill level 3 in Fighting
  2592 | D:3      | Killed Natasha
  2820 | D:4      | Reached XP level 6. HP: 52/52 MP: 14/14
  2858 | D:4      | Reached skill level 4 in Fighting
  3488 | D:4      | Found a staircase to the Ecumenical Temple.
  3722 | D:5      | Entered Level 5 of the Dungeon
  3743 | D:5      | Identified the ring "Dionobud" {rF+ Will+ Stlth+}
  3805 | D:5      | Reached skill level 1 in Armour
  3805 | D:5      | Reached XP level 7. HP: 59/59 MP: 16/16
  3832 | D:5      | Found a glowing drain.
  3845 | Sewer    | Entered a sewer
  4910 | D:5      | Noticed Pikel
  4972 | D:5      | Killed Pikel
  4973 | D:5      | Reached skill level 5 in Fighting
  4973 | D:5      | Reached skill level 5 in Summonings
  4973 | D:5      | Reached XP level 8. HP: 51/69 MP: 16/18
  5519 | D:5      | Reached skill level 6 in Fighting
  5519 | D:5      | Reached skill level 5 in Spellcasting
  6792 | D:7      | Identified the +5 short sword of the Dwarven Hall {chaos,
                  | rF+ rC++ Int-3 SInv}
  7324 | D:7      | Learned a level 3 spell: Ozocubu's Armour
  7515 | D:7      | Reached skill level 1 in Ice Magic
  7693 | D:7      | Reached XP level 9. HP: 66/78 MP: 17/21
  7778 | D:7      | Found a large runed translucent door.
  7782 | D:7      | Found a large runed translucent door.
  7885 | D:7      | Reached skill level 7 in Fighting
  7963 | D:7      | Noticed a spectral ugly thing
  8299 | D:8      | Noticed Gastronok
  8336 | D:8      | Noticed Erica
  9443 | D:8      | Slain by Gastronok

Illustrated notes

Levels and vault maps discovered:
D:1:      dpeg_arrival_long_road, layout_loops_corners
D:2:      layout_basic
D:3:      layout_loops_cross, mainiacjoe_overflow_cross_hatched,
          nemelex_xobeh_ov_fountains_minmay, nicolae_uskayaw_en_pointe,
          mainiacjoe_overflow_chevrons, uniq_robin, uniq_terence, uniq_natasha
D:4:      layout_basic, tso_metal_star, marbit_many_paths,
          mainiacjoe_overflow_concentric_impassable, temple_green
D:5:      black_bear_nest_2, layout_loops_corners, chei_slow_surprise,
          cheibrodos_sewer_entry_sluice, uniq_pikel
D:6:      layout_rooms, mainiacjoe_overflow_alcove_1,
          nicolae_wu_jian_immortal_techniques, minmay_crystal_water,
          chequers_serial_rivers_small_a
D:7:      due_chaos_kobolds, layout_cave_pods, regret_index_temple_of_mockery,
          overflow_temple_1_default, nicolae_dithmenos_the_darkroom,
          nicolae_ru_sacrificial_ziggurat
D:8:      minmay_chambers_of_sixes, layout_basic, lemuel_coloured_pillars_altar,
          minmay_lair_entry_grove, uniq_gastronok, uniq_erica

Skill      XL: |  1  2  3  4  5  6  7  8  9 |
---------------+----------------------------+-----
Fighting       | 1 2 3 4 5 6 7 |  7.9
Summonings     | 1 2 3 4 5 |  5.0
Ranged Weapons | 1 2 |  2.0
Dodging        | 3 4 |  4.0
Armour         | 1 3 4 |  4.0
Spellcasting   | 4 5 6 |  6.0
Stealth        | 2 3 |  3.0
Ice Magic      | 1 4 |  4.5
Short Blades   | |  1.0

Action                     |  1- 3 |  4- 6 |  7- 9 || total
---------------------------+-------+-------+-------++-------
  Melee: Short sword       |   115 |    75 |   236 ||   426
         Staff             |       |     2 |    12 ||    14
         Hand axe          |       |       |    27 ||    27
         Trident           |       |       |    10 ||    10
         Punch             |       |       |     1 ||     1
   Fire: Sling             |    76 |   118 |   134 ||   328
         Shortbow          |       |       |     2 ||     2
  Throw: Javelin           |       |       |     4 ||     4
         Throwing net      |       |       |     2 ||     2
   Cast: Call Imp          |       |    15 |    48 ||    63
         Slow              |       |     1 |     1 ||     2
         Ozocubu's Armour  |       |       |    16 ||    16
    Use: Scroll            |       |     5 |     8 ||    13
         Potion            |       |       |    10 ||    10
   Stab: Sleeping          |     4 |       |       ||     4
         Distracted        |       |     1 |     1 ||     2
 Armour: Robe              |    12 |       |       ||    12
         Leather armour    |    36 |    30 |   174 ||   240
  Dodge: Dodged            |   104 |    72 |   237 ||   413
